 Dungeon Crawl Stone Soup version 0.29-a0-962-gc8bbfd0a37 (webtiles) character file.

Game seed: 12664661489538985003

916 ragingrage the Charlatan (level 8, -2/76 HPs)
             Began as a Gargoyle Artificer on July 30, 2022.
             Slain by Maggie
             ... wielding a +0 halberd of flaming
              (6 damage)
             ... on level 6 of the Dungeon.
             The game lasted 00:06:31 (5894 turns).

ragingrage the Charlatan (Gargoyle Artificer)       Turns: 5894, Time: 00:06:31

Health: -2/76      AC: 24    Str: 18    XL:     8   Next: 9%
Magic:  8/8        EV:  2    Int: 12    God:
Gold:   263        SH:  5    Dex: 16    Spells: 7/7 levels left

rFire   . . .      SeeInvis .   a - +2 spear (freeze)
rCold   . . .      Faith    .   (no shield)
rNeg    + . .      Spirit   .   (body armour currently unavailable)
rPois   ∞          Reflect  +   (helmet currently unavailable)
rElec   .          Harm     .   (cloak currently unavailable)
rCorr   .          Rampage  .   (gloves currently unavailable)
Will    .....      NoTele   +   (boots currently unavailable)
Stlth   ++........              j - amulet of reflection
HPRegen 0.22/turn               s - +6 ring of dexterity
MPRegen 0.11/turn               B - +4 ring of slaying

@: tree-form, mesmerised
A: stationary, stasis, torment immunity, boosted hp, sickness immunity, AC +5,
negative energy resistance 1, (electricity resistance), torment resistance 1,
petrification resistance
a: no special abilities


You were on level 6 of the Dungeon.
You were a tree.
You visited 1 branch of the dungeon, and saw 6 of its levels.

You collected 263 gold pieces.

Inventory:

Hand Weapons
 a - a +2 spear of freezing (weapon)
 b - a +0 sling of flaming
 C - a +0 war axe
Missiles
 z - a curare-tipped dart (quivered)
Armour
 v - a +0 helmet (melded)
 y - a +0 plate armour (melded)
Jewellery
 j - an amulet of reflection (around neck)
 q - a ring of fire
 s - a +6 ring of dexterity (left branch)
 B - a +4 ring of slaying (right branch)
Wands
 c - a wand of flame (13)
 d - a wand of charming (14)
 e - a wand of iceblast (19)
Scrolls
 f - 4 scrolls of teleportation
 h - a scroll of enchant armour {unknown}
 i - 4 scrolls of poison {unknown}
 l - 3 scrolls of enchant weapon {unknown}
 o - a scroll of summoning {unknown}
 p - 2 scrolls of fog {unknown}
 r - 12 scrolls of identify {unknown}
 t - a scroll of immolation {unknown}
 u - 2 scrolls of blinking {unknown}
 x - a scroll of vulnerability {unknown}
 D - a scroll of magic mapping {unknown}
 E - a scroll of amnesia {unknown}
Potions
 g - 2 potions of flight
 k - a potion of lignification
 m - 3 potions of curing
 n - 3 potions of heal wounds
 w - a potion of degeneration {unknown}
 A - a potion of magic {unknown}


   Skills:
 - Level 6.1 Fighting
 * Level 2.8 Axes
 - Level 2.1 Armour
 - Level 0.7 Dodging
 - Level 1.1 Stealth
 + Level 6.2 Evocations


You had 7 spell levels left.
You didn't know any spells.
Your spell library contained the following spells:

 Spells                   Type           Power      Damage    Failure   Level
 Call Canine Familiar     Summ           0%         N/A       69%         3
 Portal Projectile        Hex/Tloc       0%         N/A       69%         3
 Leda's Liquefaction      Hex/Erth       0%         N/A       97%         4


Dungeon Overview and Level Annotations

Branches:
Dungeon (6/15)             Temple (0/1) D:6

Altars:
Ashenzari

Annotations:
D:1 exclusion: downstairs
D:3 Sigmund
D:6 Maggie


Innate Abilities, Weirdness & Mutations

You are a tree.
Your roots penetrate the ground, keeping you stationary.
You cannot be teleported.
You are immune to unholy pain and torment.
Your maximum health is greatly increased.
Your equipment is partially melded.
You are immune to sickness and miasma.
((Your stone body is resilient. (AC +5)))
You are immune to poison.
You resist negative energy. (rN+)
((You are resistant to electric shocks. (rElec)))
You are resistant to unholy torment.
You are immune to petrification.


Message History

Aim: Maggie, wielding a +0 halberd of flaming and wearing +0 steam dragon scales (moderately wounded, mesmerising, strong, about 29% to evade your +2 spear of freezing)
You reach to attack!
You puncture Maggie! You freeze Maggie.
Maggie is heavily wounded.
Maggie barely misses you.
Really quaff the potion of lignification?
You turn into a tree.
Your +0 helmet melds into your body.
Your +0 plate armour melds into your body.
Your roots penetrate the ground.
The white imp gestures at you.
The puff of frost hits you but does no damage.
Maggie hits you from afar with a +0 halberd of flaming!
Maggie burns you.
You completely miss the white imp. You block the white imp's attack.
Maggie casts a spell at you.
The bolt of fire hits the white imp!!
The white imp is burned terribly!
The white imp dies!
The bolt of fire hits you but does no damage.
Throw: 2 darts (curare)
Press: ? - help, Q - select action, (/) - cycle Shift-Dir - straight line, f/p - Maggie
Aim: Maggie, wielding a +0 halberd of flaming and wearing +0 steam dragon scales (heavily wounded, mesmerising, strong, 67% to hit)
You throw a curare-tipped dart. The curare-tipped dart hits Maggie.
Maggie is poisoned.
Maggie convulses.
Maggie seems to slow down.
Maggie is severely wounded.
Maggie hits you from afar with a +0 halberd of flaming!
Maggie burns you.
Reach: a) +2 spear (freeze)
Press: ? - help, Dir - move target, f/p - Maggie
Aim: Maggie, wielding a +0 halberd of flaming and wearing +0 steam dragon scales (severely wounded, mesmerising, strong, very poisoned, slow, about 29% to evade your +2 spear of freezing)
You reach to attack!
You barely miss Maggie.
Maggie is severely wounded.
Reach: a) +2 spear (freeze)
Press: ? - help, Dir - move target, f/p - Maggie
Aim: Maggie, wielding a +0 halberd of flaming and wearing +0 steam dragon scales (severely wounded, mesmerising, strong, very poisoned, slow, about 29% to evade your +2 spear of freezing)
You reach to attack!
You hit Maggie but do no damage.
Maggie is severely wounded.
Maggie hits you from afar with a +0 halberd of flaming!!
* * * LOW HITPOINT WARNING * * *
Maggie burns you.
You die...

###+###### .........# #
...........# .#
............# ..#
............# ...#
#......##...# ....#
#......###'#######.....#
#...............♣'.....#
#................#@....#
................)# ....#
#................# ...#
.#.....##...##...# ..#
#.#....########### .#
.#.....##...##... #
#.#..>......)....
.#...............


You could see Maggie (mesmerising, strong, very poisoned, slow).

Vanquished Creatures
  Duvessa (D:5)
  An orc warrior (D:5)
  An ice beast (D:5)
  An ogre (D:4)
  A centaur (D:5)
  A hound (D:5)
  An orc priest (D:4)
  3 iguanas
  Ijyb (D:3)
  Jessica (D:4)
  Terence (D:2)
  Robin (D:2)
  7 adders
  A white imp (D:4)
  A worm (D:2)
  4 dart slugs
  7 orcs
  8 ball pythons
  9 endoplasms
  2 giant cockroaches
  16 goblins
  10 hobgoblins
  10 jackals
  9 kobolds
  5 quokkas
  5 bats
  3 frilled lizards
  9 rats
120 creatures vanquished.

Vanquished Creatures (collateral kills)
  A scorpion (D:5)
  Dowan (D:5)
2 creatures vanquished.

Vanquished Creatures (others)
  A white imp (D:6)
1 creature vanquished.

Grand Total: 123 creatures vanquished

Notes
Turn   | Place    | Note
-------+----------+-------------------------------------------
     0 | D:1      | ragingrage the Gargoyle Artificer began the quest for the
                  | Orb.
     0 | D:1      | Reached XP level 1. HP: 12/12 MP: 1/1
   174 | D:1      | Reached XP level 2. HP: 15/17 MP: 2/2
   740 | D:1      | Reached XP level 3. HP: 21/21 MP: 3/3
  1463 | D:2      | Noticed Robin
  1583 | D:2      | Reached XP level 4. HP: 28/28 MP: 4/4
  1784 | D:2      | Noticed Terence
  1806 | D:2      | Killed Terence
  2081 | D:2      | Killed Robin
  2082 | D:2      | Reached XP level 5. HP: 32/32 MP: 5/5
  2151 | D:2      | Found a faded altar of an unknown god.
  2739 | D:3      | Found a broken altar of Ashenzari.
  2812 | D:3      | Noticed Jessica
  2812 | D:3      | Noticed Sigmund
  2833 | D:4      | Killed Jessica
  3224 | D:4      | Reached XP level 6. HP: 29/39 MP: 6/6
  3567 | D:3      | Noticed Ijyb
  3607 | D:3      | Killed Ijyb
  4086 | D:4      | Reached skill level 5 in Fighting
  4086 | D:4      | Reached skill level 5 in Evocations
  4589 | D:5      | Entered Level 5 of the Dungeon
  4644 | D:5      | Reached XP level 7. HP: 23/44 MP: 7/7
  4890 | D:5      | Noticed Dowan
  4891 | D:5      | Noticed Duvessa
  5227 | D:5      | Reached skill level 1 in Axes
  5420 | D:5      | Killed Dowan
  5426 | D:5      | Reached XP level 8. HP: 47/51 MP: 8/8
  5458 | D:5      | Killed Duvessa
  5866 | D:6      | Found a staircase to the Ecumenical Temple.
  5885 | D:6      | Noticed Maggie
  5894 | D:6      | Slain by Maggie

Illustrated notes

Levels and vault maps discovered:
D:1:      onia_arrival_handbag, layout_loops_ring, minmay_tall_x
D:2:      layout_basic, shapermc_ecumenical_altar_starsandcircs,
          grunt_ministairs_5, minmay_misc_feat_plants, uniq_terence, uniq_robin
D:3:      layout_basic, ashenzari_conservatory_becter, uniq_ijyb, uniq_jessica,
          uniq_sigmund
D:4:      layout_loops_ring
D:5:      layout_loops_corners, uniq_duvessa
D:6:      layout_gridville, mainiacjoe_overflow_concentric_impassable,
          chequers_temple_overflow_statue_of_worship, minmay_temple_entry_grid,
          ebering_ghost_disaster_area, uniq_maggie

Skill      XL: |  1  2  3  4  5  6  7 |
---------------+----------------------+-----
Evocations     | 3 4 5 6 |  6.2
Fighting       | 2 3 4 5 6 |  6.1
Axes           | 2 |  2.8
Armour         | |  2.1
Dodging        | |  0.7
Stealth        | |  1.1

Action                   |  1- 3 |  4- 6 |  7- 9 || total
-------------------------+-------+-------+-------++-------
Melee: Club              |     9 |       |       ||     9
       Punch             |     1 |     3 |       ||     4
       Spear             |       |   130 |    52 ||   182
 Fire: Sling             |   103 |    74 |       ||   177
Throw: Dart              |       |       |     3 ||     3
Evoke: Wand              |       |     1 |     3 ||     4
  Use: Scroll            |     1 |       |       ||     1
       Potion            |       |     4 |     1 ||     5
 Stab: Sleeping          |       |     2 |       ||     2
Armor: Leather armour    |    27 |       |       ||    27
       Skin              |       |     3 |     2 ||     5
       Ring mail         |       |    29 |       ||    29
       Plate armour      |       |    54 |    18 ||    72
Dodge: Dodged            |    50 |    58 |     8 ||   116
Block: Other             |    11 |    39 |     9 ||    59
       Reflection        |       |     2 |       ||     2

Table legend: (Time is in decaauts)
 A = Elapsed time spent in this place.
 B = Non-inter-level travel time spent in this place.
 C = Inter-level travel time spent in this place.
 D = Time resting spent in this place.
 E = Time spent auto-exploring this place.
 F = Levels seen in this place.
 G = Mean time per level.
                   A        B        C        D        E       F      G
               +--------+--------+--------+--------+--------+-----+--------+
         Total |   5988 |   5799 |    189 |   1384 |   3451 |   6 |  998.0 |
       Dungeon |   5988 |   5799 |    189 |   1384 |   3451 |   6 |  998.0 |
               +--------+--------+--------+--------+--------+-----+--------+

Top non-repeatable levels by time:
     D:1: 1543 daAuts
     D:4: 1277 daAuts
     D:5: 1210 daAuts
     D:2: 1133 daAuts
     D:3: 761 daAuts
     D:6: 61 daAuts
